 Dungeon Crawl Stone Soup version 0.27-a0-668-gb5737ff2c0 (webtiles) character file.

Game seed: 176724711826649086

86 robertstho the Slinger (level 4, -10/43 HPs)
             Began as a Halfling Hunter on Mar 17, 2021.
             Was an Initiate of Okawaru.
             Killed by divine providence
             ... invoked by an orc priest
              (13 damage)
             ... on level 3 of the Dungeon.
             The game lasted 00:03:19 (2210 turns).

robertstho the Slinger (Halfling Hunter)            Turns: 2210, Time: 00:03:20

Health: -10/43     AC: 22    Str: 14    XL:     4   Next: 78%
Magic:  0/4        EV:  3    Int:  9    God:    Okawaru [......]
Gold:   85         SH:  4    Dex: 14    Spells: 3/3 levels left

rFire    . . .     SeeInvis .   a - +1 hunting sling
rCold    . . .     Faith    .   h - +0 buckler
rNeg     + + +     Spirit   +   (armour currently unavailable)
rPois    +         Reflect  .   (helmet currently unavailable)
rElec    .         Harm     .   (cloak currently unavailable)
rCorr    .         Rampage  .   (gloves currently unavailable)
Will     .....     NoTele   +   (boots currently unavailable)
Stlth    ++........             l - amulet of guardian spirit
HPRegen  0.14/turn              (no ring)
MPRegen  0.09/turn              (no ring)

@: brilliant, tree-form, weak-willed, attractive, hasted, very quick
A: stationary, stasis, torment immunity, boosted hp, small, no large weapons,
mutation resistance 1
a: Renounce Religion


You were on level 3 of the Dungeon.
You worshipped Okawaru.
Okawaru was noncommittal.
You were a tree.
You visited 1 branch of the dungeon, and saw 3 of its levels.

You collected 85 gold pieces.

Inventory:

Hand Weapons
 a - a +1 hunting sling (weapon)
 b - a +0 short sword
 o - a +2 vampiric whip
 p - a +2 rapier of freezing
Missiles
 i - 66 stones (quivered ammo)
Armour
 c - a +0 leather armour
 h - a +0 buckler (worn)
 n - a +0 plate armour (melded)
Jewellery
 l - an amulet of guardian spirit (around neck)
Wands
 x - a wand of paralysis (4)
Scrolls
 e - a scroll of fear
 g - 3 scrolls of identify
 j - a scroll of vulnerability
 k - a scroll of random uselessness {unknown}
 q - a scroll of amnesia
 r - a scroll of magic mapping
 v - a scroll of teleportation {unknown}
Potions
 f - 2 potions of degeneration
 m - a potion of attraction
 s - a potion of flight


   Skills:
 * Level 2.1 Fighting
 * Level 8.1 Slings
 + Level 0.3 Armour
 + Level 2.3 Dodging
 + Level 1.1 Stealth


You had 3 spell levels left.
You didn't know any spells.
Your spell library contained the following spells:

 Spells                   Type           Power      Damage    Failure   Level
 Animate Skeleton         Necr           0%         N/A       56%         1
 Apportation              Tloc           0%         N/A       56%         1
 Corona                   Hex            0%         N/A       56%         1
 Summon Small Mammal      Summ           0%         N/A       56%         1


Dungeon Overview and Level Annotations

Branches:
Dungeon (3/15)

Altars:
Fedhas
Gozag
Okawaru
Xom
Yredelemnul


Innate Abilities, Weirdness & Mutations

You are a tree.
Your roots penetrate the ground, keeping you stationary.
You cannot be teleported.
You are immune to unholy pain and torment.
Your maximum health is greatly increased.
Your equipment is partially melded.
You are small and have problems with some larger weapons.
You are somewhat resistant to further mutation.


Message History

You are too injured to fight recklessly!
You are too injured to fight recklessly!
You are too injured to fight recklessly!
As you read the scroll labelled POCIPL XARPHUF, it crumbles to dust.
You assume a fearsome visage.
The orc looks frightened!
It was a scroll of fear.
As you read the scroll labelled OZAPLA IPOH, it crumbles to dust.
Your attack snaps the orc out of its fear.
Magic quickly surges around you.
It was a scroll of vulnerability.
As you read the scroll labelled OLEITS DETOE, it crumbles to dust.
It is a scroll of amnesia.
You feel forgetful for a moment.
The orc priest calls upon Beogh to heal something.
As you read the scroll labelled IGEMOE APYPT, it crumbles to dust.
You feel aware of your surroundings.
You sensed 1 shop/portal.
It was a scroll of magic mapping.
The orc priest mumbles some strange prayers to Beogh against you.
Beogh smites you!
* * * LOW HITPOINT WARNING * * *
As you read the scroll labelled DUEPHIE SAJISU, it crumbles to dust.
It is a scroll of identify.
f - 2 potions of degeneration It was a potion of attraction.
You feel attractive to monsters.
It was a potion of flight.
You feel very buoyant.
You fly up into the air.
It was a potion of haste.
You feel yourself speed up.
The orc hits the plant with a +0 whip!
The plant begins to die.
The orc priest casts a cantrip, but nothing happens.
The orc priest hits you but does no damage.
It was a potion of lignification.
You turn into a tree.
Your +0 plate armour melds into your body.
Your roots penetrate the ground.
The orc hits the plant with a +0 whip.
The orc priest hits you but does no damage.
It was a potion of brilliance.
You feel clever all of a sudden.
The orc priest calls down the wrath of Beogh upon you.
Beogh smites you!
You die...

#####.# #...#.# *,*,*,* ##'##
#.#.#.# *,*,*,* ##...## #######
******,*,* ##....†## ##.o,**
***,⌠8***,,*
##.......##♣8Po,,***,8,,,8,**,**
#........##.8P.,,,**,,,,..,**,,**
'...<....#*,.((,8,**,,,..8,**,,,,
#........#####(########.##***,,*,
##.......#..P.oo♣.......P.,**,***
##.....####♣..PoP..PP..8♣***** *
##...## ####......##*****,***
##'## ###..###*,,,,,,,*, #.#
##..# ********,* #># #...# *,*
##.## #...# *,* ####...## #.###
*,* ........#### #.# *,*


You could see 2 orc priests and an orc (weak-willed).

Vanquished Creatures
  4 adders (D:2)
  A worm (D:2)
  2 leopard geckos (D:2)
  5 orcs (D:3)
  A bat (D:1)
  A giant cockroach (D:1)
  A goblin (D:1)
  7 hobgoblins
  2 jackals (D:2)
  6 kobolds
  3 quokkas
  3 frilled lizards
  5 rats
41 creatures vanquished.

Vanquished Creatures (others)
  2 plants (D:3)
2 creatures vanquished.

Grand Total: 43 creatures vanquished

Notes
Turn   | Place    | Note
-------+----------+-------------------------------------------
     0 | D:1      | robertstho the Halfling Hunter began the quest for the Orb.
     0 | D:1      | Reached XP level 1. HP: 14/14 MP: 1/1
    72 | D:1      | Reached skill level 6 in Slings
   162 | D:1      | Reached XP level 2. HP: 19/19 MP: 2/2
   609 | D:2      | Reached XP level 3. HP: 23/24 MP: 3/3
   634 | D:2      | Reached skill level 7 in Slings
   940 | D:2      | Reached XP level 4. HP: 25/29 MP: 2/4
  1563 | D:2      | Found a shimmering altar of Xom.
  1568 | D:2      | Found a blossoming altar of Fedhas.
  1568 | D:2      | Found a basalt altar of Yredelemnul.
  1581 | D:2      | Found an iron altar of Okawaru.
  1584 | D:2      | Found an opulent altar of Gozag.
  1591 | D:2      | Became a worshipper of Warmaster Okawaru
  1883 | D:3      | Reached skill level 8 in Slings
  2195 | D:3      | Found a faded altar of an unknown god.
  2204 | D:3      | HP: 1/29 [orc priest/divine providence (8)]
  2210 | D:3      | Killed from afar by an orc priest

Illustrated notes

Levels and vault maps discovered:
D:1:      minmay_arrival_four_houses, layout_rooms
D:2:      minmay_spotlight, layout_basic, minmay_overflow_temple_star_hex
D:3:      layout_loops_corners, serial_shops, shop,
          chequers_ecumenical_altar_lobes, chequers_serial_rivers_micro_c

Skill      XL: |  1  2  3  4 |
---------------+-------------+-----
Slings         | 6 7 8 |  8.1
Fighting       | 2 |  2.1
Armour         | |  0.3
Dodging        | |  2.3
Stealth        | |  1.1

Action                   |  1- 3 |  4- 6 || total
-------------------------+-------+-------++-------
 Fire: Hunting sling     |    84 |    72 ||   156
  Use: Scroll            |       |     5 ||     5
       Potion            |       |     5 ||     5
Armor: Plate armour      |    10 |    16 ||    26
       Skin              |       |     1 ||     1
Dodge: Dodged            |     8 |     2 ||    10
Block: Buckler           |     6 |     5 ||    11

Table legend: (Time is in decaauts)
 A = Elapsed time spent in this place.
 B = Non-inter-level travel time spent in this place.
 C = Inter-level travel time spent in this place.
 D = Time resting spent in this place.
 E = Time spent auto-exploring this place.
 F = Levels seen in this place.
 G = Mean time per level.
                   A        B        C        D        E       F      G
               +--------+--------+--------+--------+--------+-----+--------+
         Total |   2195 |   1988 |    207 |      0 |   1707 |   3 |  731.7 |
       Dungeon |   2195 |   1988 |    207 |      0 |   1707 |   3 |  731.7 |
               +--------+--------+--------+--------+--------+-----+--------+

Top non-repeatable levels by time:
     D:2: 1099 daAuts
     D:1: 598 daAuts
     D:3: 497 daAuts
